 Dungeon Crawl Stone Soup version 0.17.1-2-g5865329 (webtiles) character file.

202 Grim the Ruffian (level 5, 0/61 HPs)
             Began as a Demonspawn Berserker on Jan 12, 2016.
             Was a Believer of Trog.
             Succumbed to a water moccasin's poison
             ... on level 3 of the Dungeon.
             The game lasted 00:03:50 (1987 turns).

Grim the Ruffian (Demonspawn Berserker)             Turns: 1987, Time: 00:03:50

Health: 0/61       AC:  3    Str: 23    XL:     5   Next: 50%
Magic:  5/5        EV: 12    Int:  8    God:    Trog [**....]
Gold:   86         SH:  0    Dex: 15    Spells: 0 memorised, 4 levels left

rFire  . . .     SeeInvis .       - Unarmed
rCold  + . .     Clarity  .     a - +0 animal skin
rNeg   . . .     SustAt   .     (no shield)
rPois  .         Gourm    .     (no helmet)
rElec  .         Spirit   +     t - +0 cloak
rCorr  .         Warding  .     (no gloves)
rMut   .         Stasis   .     (no boots)
MR     .....                    i - amulet of faith
Stlth  ..........               n - +2 ring of dexterity
                                f - ring of protection from cold

@: berserking, lethally poisoned (0 -> -26), very quick, not resistant to
hostile enchantments, extremely unstealthy
A: claws 2, magic shield
a: Berserk, Trog's Hand, Burn Spellbooks, Renounce Religion


You were on level 3 of the Dungeon.
You worshipped Trog.
Trog was pleased with you.
You were not hungry.

You visited 1 branch of the dungeon, and saw 3 of its levels.

You collected 86 gold pieces.

Inventory:

Armour
 a - a +0 animal skin (worn)
 t - a +0 cloak (worn)
Jewellery
 f - a ring of protection from cold (left claw)
 i - an amulet of faith (around neck)
 n - a +2 ring of dexterity (right claw)
Scrolls
 d - a scroll of identify {unknown}
 e - a scroll of amnesia {unknown}
 g - a scroll of remove curse {unknown}
 j - a scroll of teleportation {unknown}
 k - a scroll of enchant weapon {unknown}
 m - a scroll of enchant armour {unknown}
 o - a scroll of noise {unknown}
Potions
 h - a potion of resistance {unknown}
 l - a potion of cancellation {unknown}
 q - a potion of might
 r - a potion of haste {unknown}
 s - a potion of magic {unknown}
 u - a potion of cure mutation {unknown}
 v - a potion of heal wounds {unknown}
 w - a potion of lignification {unknown}
Comestibles
 b - 3 bread rations
 c - a slice of pizza
 p - 2 meat rations
 x - 6 fruits


   Skills:
 - Level 3.0 Fighting
 - Level 1.7 Armour
 - Level 1.7 Dodging
 + Level 5.7 Unarmed Combat


You had 4 spell levels left.
You didn't know any spells.

Dungeon Overview and Level Annotations

Branches:
Dungeon (3/15)

Altars:
Trog


Innate Abilities, Weirdness & Mutations

You have very sharp fingernails.
When hurt, damage is shared between your health and your magic reserves.


Message History

The water moccasin is moderately wounded.
The water moccasin bites you.
* * * LOW HITPOINT WARNING * * *
You are lethally poisoned!
The water moccasin poisons you!
You scratch the water moccasin.
The water moccasin is heavily wounded.
* * * LOW HITPOINT WARNING * * *
You feel sick. The water moccasin bites you.
* * * LOW HITPOINT WARNING * * *
You are more poisoned.
The water moccasin poisons you!
You mangle the water moccasin!!
You kill the water moccasin!
Trog accepts your kill.
Your Unarmed Combat skill increases to level 5!
You have reached level 5!
Your demonic ancestry asserts itself...
You feel your magical essence form a protective shroud around your flesh.
You die...

≈≈≈≈≈≈≈≈≈P## ≈≈≈≈≈≈≈.P.#
#+# .≈≈≈≈≈....# #.#
..≈≈≈.....# #.#
..P.≈≈♣..P####.#######
..PP♣≈≈.P...#........#
.))..P....##........[#
##.)#.#.####...†####.###
#.....## #...#@†......
####............###.##.
##.#####.<..... ##.#
##..##### #.# #....
#...##.## ### #.#


There were no monsters in sight!

Vanquished Creatures
  A water moccasin (D:3)
  Crazy Yiuf (D:2)
  An adder (D:2)
  A giant gecko (D:2)
  4 orcs (D:3)
  5 goblins
  4 hobgoblins
  7 jackals
  6 bats
  A giant newt (D:1)
  5 kobolds
  4 rats (D:1)
40 creatures vanquished.

Notes
Turn   | Place    | Note
--------------------------------------------------------------
     0 | D:1      | Grim the Demonspawn Berserker began the quest for the Orb.
     0 | D:1      | Reached XP level 1. HP: 18/18 MP: 1/1
   601 | D:1      | Gained mutation: You have sharp fingernails. [demonic ancestry]
   601 | D:1      | Reached XP level 2. HP: 24/24 MP: 2/2
   999 | D:2      | Reached ** piety under Trog
  1053 | D:2      | Found a bloodstained altar of Trog.
  1303 | D:2      | Gained mutation: You have very sharp fingernails. [demonic ancestry]
  1303 | D:2      | Reached XP level 3. HP: 25/29 MP: 3/3
  1418 | D:2      | Reached skill level 4 in Unarmed Combat
  1612 | D:2      | Noticed Crazy Yiuf
  1619 | D:2      | Killed Crazy Yiuf
  1619 | D:2      | Reached XP level 4. HP: 35/35 MP: 4/4
  1964 | D:3      | Noticed a water moccasin
  1986 | D:3      | HP: 1/52 [water moccasin (6)]
  1987 | D:3      | Killed a water moccasin
  1987 | D:3      | Reached skill level 5 in Unarmed Combat
  1987 | D:3      | Gained mutation: When hurt, damage is shared between your health and your magic reserves. [demonic ancestry]
  1987 | D:3      | Reached XP level 5. HP: 1/41 MP: 5/5
  1987 | D:3      | Succumbed to a water moccasin's poison

Action                   |  1- 3 |  4- 6 || total
-------------------------+-------+-------++-------
Melee: Unarmed           |    96 |    31 ||   127
Invok: Berserk           |       |     1 ||     1
  Eat: Meat ration       |     1 |       ||     1
